APP
OAKLAND (APP) ATHLETICS @ CLEVELAND (APP) INDIANS
08/31/2046
 
TOP OF THE 1ST
Oakland (APP) Athletics batting - Pitching for Cleveland (APP) Indians : LHP Tony Flores
Pitching: LHP Tony Flores
Batting: LHB Tomas Segarra 0-0: Ball
1-0: Foul Ball, location: 2F
1-1: Foul Ball, location: 2F
1-2: Reached on error, E1 (Groundball, 15S, EV 53.1 MPH)
Batting: RHB Matt Sherard 0-0: Swinging Strike
0-1: Ball
Tomas Segarra steals 2nd base
1-1: Ball
2-1: Ball
3-1: Fly out, F8 (Line Drive, 8RM, EV 95.0 MPH)
Batting: SHB D.J. Codd 0-0: Called Strike
0-1: Ball
1-1: Ball
2-1: Foul Ball, location: 2F
2-2: Ball
3-2: Base on Balls
Batting: RHB Scott Wiggs 0-0: Ball
Wild Pitch!
Tomas Segarra to third
D.J. Codd to second
1-0: Ball
2-0: Called Strike
2-1: 3-RUN HOME RUN (Flyball, 9D, EV 96.9 MPH), Distance : 377 ft
Batting: RHB Matt Black 0-0: Foul Ball, location: 2F
0-1: Foul Ball, location: 2F
0-2: Ball
1-2: Ball
2-2: SOLO HOME RUN (Flyball, 7D, EV 101.2 MPH), Distance : 373 ft
Batting: RHB Moses Brokken 0-0: Called Strike
0-1: Swinging Strike
0-2: Strikes out looking
Batting: RHB Shannon Beck 0-0: Ball
1-0: Swinging Strike
1-1: Ball
2-1: Called Strike
2-2: SOLO HOME RUN (Flyball, 78XD, EV 115.6 MPH), Distance : 442 ft
Batting: RHB Zack DiCicco 0-0: Ball
1-0: Called Strike
1-1: Called Strike
1-2: Ball
2-2: Fly out, F5 (Popup, 56S, EV 71.9 MPH)
Top of the 1st over - 5 runs, 3 hits, 1 error, 0 left on base; Oakland (APP) 5 - Cleveland (APP) 0
BOTTOM OF THE 1ST
Cleveland (APP) Indians batting - Pitching for Oakland (APP) Athletics : RHP Aaron Vallejo
Pitching: RHP Aaron Vallejo
Batting: RHB Kenzo Shinoda 0-0: Fly out, F6 (Popup, 6S, EV 74.4 MPH)
Batting: LHB Shane Montalvo 0-0: Called Strike
0-1: Swinging Strike
0-2: Ball
1-2: Strikes out swinging
Batting: RHB Gary Ming 0-0: Swinging Strike
0-1: Ball
1-1: Called Strike
1-2: Ball
2-2: Ball
3-2: Strikes out looking
Bottom of the 1st over - 0 runs, 0 hits, 0 errors, 0 left on base; Oakland (APP) 5 - Cleveland (APP) 0
TOP OF THE 2ND
Oakland (APP) Athletics batting - Pitching for Cleveland (APP) Indians : LHP Tony Flores
Batting: RHB Tetsuya Shinoda 0-0: Ball
1-0: Foul Ball, location: 2F
1-1: Fly out, F8 (Line Drive, 8RS, EV 91.9 MPH)
Batting: LHB Tomas Segarra 0-0: Called Strike
0-1: Foul Ball, location: 2F
0-2: Strikes out swinging
Batting: RHB Matt Sherard 0-0: Ball
1-0: Called Strike
1-1: Ball
2-1: SOLO HOME RUN (Flyball, 7LD, EV 93.1 MPH), Distance : 339 ft
Batting: SHB D.J. Codd 0-0: Ball
1-0: Called Strike
1-1: Ball
2-1: Ball
3-1: Called Strike
3-2: Base on Balls
Batting: RHB Scott Wiggs 0-0: Ball
1-0: Foul Ball, location: 2F
1-1: Ball
2-1: Called Strike
2-2: Foul Ball, location: 2F
2-2: Foul Ball, location: 2F
2-2: Foul Ball, location: 2F
2-2: Ball
3-2: SINGLE (Groundball, 5S, EV 66.2 MPH) (infield hit)
D.J. Codd to second
Batting: RHB Matt Black 0-0: Ball
1-0: Swinging Strike
1-1: Ball
2-1: Ball
3-1: Base on Balls
D.J. Codd to third
Scott Wiggs to second
Batting: RHB Moses Brokken 0-0: Ball
1-0: Called Strike
1-1: Ball
2-1: Foul Ball, location: 2F
2-2: Strikes out swinging
Top of the 2nd over - 1 run, 2 hits, 0 errors, 3 left on base; Oakland (APP) 6 - Cleveland (APP) 0
BOTTOM OF THE 2ND
Cleveland (APP) Indians batting - Pitching for Oakland (APP) Athletics : RHP Aaron Vallejo
Batting: LHB Jeff Palmowski 0-0: Called Strike
0-1: Ball
1-1: Ball
2-1: Swinging Strike
2-2: Strikes out swinging
Batting: LHB Dave Key 0-0: Called Strike
0-1: Ball
1-1: DOUBLE (Flyball, 7D, EV 94.4 MPH)
Batting: RHB John Bianconi 0-0: Called Strike
0-1: Swinging Strike
0-2: Ball
1-2: Ball
2-2: Ball
3-2: Foul Ball, location: 2F
3-2: Base on Balls
Batting: RHB Steve Gusman 0-0: Foul Ball, location: 2F
0-1: Ball
1-1: Foul Ball, location: 2F
1-2: Foul Ball, location: 2F
1-2: Ball
2-2: Ball
3-2: Fielders Choice at 2nd, 6-4 (Groundball, 6, EV 91.2 MPH)
Dave Key to third
Batting: SHB Javon Mitchell 0-0: Called Strike
0-1: Ball
1-1: Called Strike
1-2: Foul Ball, location: 2F
1-2: Ball
2-2: Strikes out swinging
Bottom of the 2nd over - 0 runs, 1 hit, 0 errors, 2 left on base; Oakland (APP) 6 - Cleveland (APP) 0
TOP OF THE 3RD
Oakland (APP) Athletics batting - Pitching for Cleveland (APP) Indians : LHP Tony Flores
Batting: RHB Shannon Beck 0-0: Called Strike
0-1: Foul Ball, location: 2F
0-2: Foul Ball, location: 2F
0-2: Strikes out swinging
Batting: RHB Zack DiCicco 0-0: Ball
1-0: Ball
2-0: Called Strike
2-1: Ball
3-1: Swinging Strike
3-2: Foul Ball, location: 2F
3-2: Strikes out swinging
Batting: RHB Tetsuya Shinoda 0-0: Called Strike
0-1: Ball
1-1: Called Strike
1-2: Ball
2-2: Strikes out looking
Top of the 3rd over - 0 runs, 0 hits, 0 errors, 0 left on base; Oakland (APP) 6 - Cleveland (APP) 0
BOTTOM OF THE 3RD
Cleveland (APP) Indians batting - Pitching for Oakland (APP) Athletics : RHP Aaron Vallejo
Batting: RHB Anibal Casteles 0-0: Ball
1-0: Foul Ball, location: 2F
1-1: Called Strike
1-2: SINGLE (Groundball, 56D, EV 94.4 MPH)
Batting: RHB Kenzo Shinoda 0-0: Called Strike
0-1: Fly out, F7 (Flyball, 7, EV 93.8 MPH)
Batting: LHB Shane Montalvo 0-0: Called Strike
Anibal Casteles is caught stealing 2nd base 2-6
0-1: Swinging Strike
0-2: Foul Ball, location: 2F
0-2: Ball
1-2: Ball
2-2: Foul Ball, location: 2F
2-2: Foul Ball, location: 2F
2-2: Foul Ball, location: 2F
2-2: Ball
3-2: Foul Ball, location: 2F
3-2: Ground out 4-3 (Groundball, 34D, EV 105.0 MPH)
Bottom of the 3rd over - 0 runs, 1 hit, 0 errors, 0 left on base; Oakland (APP) 6 - Cleveland (APP) 0
TOP OF THE 4TH
Oakland (APP) Athletics batting - Pitching for Cleveland (APP) Indians : LHP Tony Flores
Batting: LHB Tomas Segarra 0-0: Ball
1-0: Ball
2-0: Ball
3-0: Base on Balls
Pitching: RHP Ricardo Torres
Batting: RHB Matt Sherard 0-0: Fielders Choice at 2nd, 3-6 (Groundball, 3S, EV 83.8 MPH)
Batting: SHB D.J. Codd 0-0: Foul Ball, location: 2F
0-1: Foul Ball, location: 2F
0-2: Ball
1-2: Ball
2-2: Ball
3-2: Foul Ball, location: 2F
3-2: Strikes out swinging
Batting: RHB Scott Wiggs 0-0: Ball
Matt Sherard steals 2nd base
1-0: 2-RUN HOME RUN (Flyball, 78XD, EV 108.8 MPH), Distance : 422 ft
Batting: RHB Matt Black 0-0: Ball
1-0: Called Strike
1-1: Ball
2-1: Called Strike
2-2: Ball
3-2: Ground out 6-3 (Groundball, 6, EV 103.8 MPH)
Top of the 4th over - 2 runs, 1 hit, 0 errors, 0 left on base; Oakland (APP) 8 - Cleveland (APP) 0
BOTTOM OF THE 4TH
Cleveland (APP) Indians batting - Pitching for Oakland (APP) Athletics : RHP Aaron Vallejo
Batting: RHB Gary Ming 0-0: Foul Ball, location: 2F
0-1: Reached on error, E5 (Groundball, 56, EV 98.8 MPH)
Batting: LHB Jeff Palmowski 0-0: Ground out 4-3 (Groundball, 4M, EV 103.8 MPH)
Gary Ming to third
Batting: LHB Dave Key 0-0: Foul Ball, location: 2F
0-1: Swinging Strike
0-2: Ball
1-2: Ball
2-2: Strikes out looking
Batting: RHB John Bianconi 0-0: Ball
1-0: Called Strike
1-1: Called Strike
1-2: Ball
Wild Pitch!
Gary Ming scores
2-2: Ground out 6-3 (Groundball, 6, EV 100.0 MPH)
Bottom of the 4th over - 1 run, 0 hits, 1 error, 0 left on base; Oakland (APP) 8 - Cleveland (APP) 1
TOP OF THE 5TH
Oakland (APP) Athletics batting - Pitching for Cleveland (APP) Indians : RHP Ricardo Torres
Batting: RHB Moses Brokken 0-0: Ball
1-0: Swinging Strike
1-1: Ball
2-1: Ground out 6-3 (Groundball, 56, EV 79.4 MPH)
Pitching: LHP Alec Valencia
Batting: RHB Shannon Beck 0-0: Swinging Strike
0-1: Swinging Strike
0-2: Strikes out looking
Batting: RHB Zack DiCicco 0-0: Ball
1-0: Ball
2-0: Ball
3-0: Called Strike
3-1: Base on Balls
Batting: RHB Tetsuya Shinoda 0-0: Called Strike
0-1: Fly out, F7 (Line Drive, 78D, EV 90.6 MPH)
Top of the 5th over - 0 runs, 0 hits, 0 errors, 1 left on base; Oakland (APP) 8 - Cleveland (APP) 1
BOTTOM OF THE 5TH
Cleveland (APP) Indians batting - Pitching for Oakland (APP) Athletics : RHP Aaron Vallejo
Batting: RHB Steve Gusman 0-0: Ball
1-0: Ball
2-0: Foul Ball, location: 2F
2-1: Swinging Strike
2-2: Ground out 6-3 (Groundball, 6M, EV 101.9 MPH)
Batting: SHB Javon Mitchell 0-0: Ground out U3 (Groundball, 34, EV 93.1 MPH)
Batting: RHB Anibal Casteles 0-0: Ball
1-0: Ball
2-0: Foul Ball, location: 2F
2-1: Ball
3-1: Called Strike
3-2: Ground out 5-3 (Groundball, 56S, EV 83.8 MPH)
Bottom of the 5th over - 0 runs, 0 hits, 0 errors, 0 left on base; Oakland (APP) 8 - Cleveland (APP) 1
TOP OF THE 6TH
Oakland (APP) Athletics batting - Pitching for Cleveland (APP) Indians : LHP Alec Valencia
Batting: LHB Tomas Segarra 0-0: Ball
1-0: Called Strike
1-1: Ball
2-1: Foul Ball, location: 2F
2-2: Ball
3-2: Foul Ball, location: 2F
3-2: Base on Balls
Batting: RHB Matt Sherard 0-0: Ball
Wild Pitch!
Tomas Segarra to second
1-0: Called Strike
1-1: Ball
Wild Pitch!
Tomas Segarra to third
2-1: Fly out, F8 (Line Drive, 8RS, EV 105.0 MPH)
Runner from 3rd tags up, OUT at HOME! 8-2
Batting: SHB D.J. Codd 0-0: Called Strike
0-1: Foul Ball, location: 2F
0-2: Ball
1-2: Strikes out swinging
Top of the 6th over - 0 runs, 0 hits, 0 errors, 0 left on base; Oakland (APP) 8 - Cleveland (APP) 1
BOTTOM OF THE 6TH
Cleveland (APP) Indians batting - Pitching for Oakland (APP) Athletics : RHP Aaron Vallejo
Pitching: LHP Hector Perdomo
Batting: RHB Kenzo Shinoda 0-0: Ball
1-0: Fly out, F7 (Flyball, 78S, EV 91.2 MPH)
Batting: LHB Shane Montalvo 0-0: Ground out 3-1 (Groundball, 34, EV 83.1 MPH)
Batting: RHB Gary Ming 0-0: Ball
1-0: Foul Ball, location: 2F
1-1: Called Strike
1-2: Fly out, F8 (Flyball, 89D, EV 100.6 MPH)
Bottom of the 6th over - 0 runs, 0 hits, 0 errors, 0 left on base; Oakland (APP) 8 - Cleveland (APP) 1
TOP OF THE 7TH
Oakland (APP) Athletics batting - Pitching for Cleveland (APP) Indians : LHP Alec Valencia
Batting: RHB Scott Wiggs 0-0: Ball
1-0: Ball
2-0: Called Strike
2-1: SINGLE (Groundball, 5S, EV 69.4 MPH) (infield hit)
Batting: RHB Matt Black 0-0: Foul Ball, location: 2F
0-1: Ball
1-1: Fielders Choice at 2nd, 6-4 (Groundball, 6, EV 87.5 MPH)
Pitching: LHP Enrique Espinoza
Batting: RHB Moses Brokken 0-0: Ball
1-0: Ball
2-0: Ball
3-0: Base on Balls
Matt Black to second
Batting: RHB Shannon Beck 0-0: Called Strike
0-1: Swinging Strike
0-2: Strikes out swinging
Batting: RHB Zack DiCicco 0-0: Ball
1-0: Called Strike
1-1: Foul Ball, location: 2F
1-2: Ball
2-2: Foul Ball, location: 2F
2-2: Ball
3-2: 3-RUN HOME RUN (Flyball, 78XD, EV 107.5 MPH), Distance : 406 ft
Batting: RHB Tetsuya Shinoda 0-0: Swinging Strike
0-1: Fly out, F7 (Flyball, 7, EV 93.8 MPH)
Top of the 7th over - 3 runs, 2 hits, 0 errors, 0 left on base; Oakland (APP) 11 - Cleveland (APP) 1
BOTTOM OF THE 7TH
Cleveland (APP) Indians batting - Pitching for Oakland (APP) Athletics : LHP Hector Perdomo
Batting: LHB Jeff Palmowski 0-0: Ball
1-0: Called Strike
1-1: Swinging Strike
1-2: Strikes out swinging
Batting: LHB Dave Key 0-0: Called Strike
0-1: Ball
1-1: Foul Ball, location: 2F
1-2: Ground out 5-3 (Groundball, 56, EV 80.6 MPH)
Batting: RHB John Bianconi 0-0: Ball
1-0: Foul Ball, location: 2F
1-1: Called Strike
1-2: Ball
2-2: Ball
3-2: Base on Balls
Batting: RHB Steve Gusman 0-0: Ball
1-0: Foul Ball, location: 2F
1-1: Called Strike
1-2: Ball
2-2: Ball
3-2: Foul Ball, location: 2F
3-2: Strikes out swinging
Bottom of the 7th over - 0 runs, 0 hits, 0 errors, 1 left on base; Oakland (APP) 11 - Cleveland (APP) 1
TOP OF THE 8TH
Oakland (APP) Athletics batting - Pitching for Cleveland (APP) Indians : LHP Enrique Espinoza
Batting: LHB Tomas Segarra 0-0: Ball
1-0: Called Strike
1-1: Called Strike
1-2: Ball
2-2: Strikes out swinging, 2-3 out at first.
Batting: RHB Matt Sherard 0-0: Foul Ball, location: 2F
0-1: Ground out 5-3 (Groundball, 56S, EV 70.0 MPH)
Pinch Hitting: RHB Marcus Kressley 0-0: Ball
1-0: Called Strike
1-1: Ground out 4-3 (Groundball, 4M, EV 83.1 MPH)
Top of the 8th over - 0 runs, 0 hits, 0 errors, 0 left on base; Oakland (APP) 11 - Cleveland (APP) 1
BOTTOM OF THE 8TH
Cleveland (APP) Indians batting - Pitching for Oakland (APP) Athletics : LHP Hector Perdomo
Now in LF: Marcus Kressley
Batting: SHB Javon Mitchell 0-0: Ball
1-0: Called Strike
1-1: Swinging Strike
1-2: Strikes out looking
Batting: RHB Anibal Casteles 0-0: Ball
1-0: SOLO HOME RUN (Flyball, 78XD, EV 100.0 MPH), Distance : 419 ft
Batting: RHB Kenzo Shinoda 0-0: Foul Ball, location: 2F
0-1: Swinging Strike
0-2: Ball
1-2: Ground out 4-3 (Groundball, 4, EV 89.4 MPH)
Batting: LHB Shane Montalvo 0-0: Ground out 5-3 (Groundball, 5, EV 103.1 MPH)
Bottom of the 8th over - 1 run, 1 hit, 0 errors, 0 left on base; Oakland (APP) 11 - Cleveland (APP) 2
TOP OF THE 9TH
Oakland (APP) Athletics batting - Pitching for Cleveland (APP) Indians : LHP Enrique Espinoza
Batting: RHB Scott Wiggs 0-0: Swinging Strike
0-1: Foul Ball, location: 2F
0-2: Ball
1-2: Strikes out swinging
Batting: RHB Matt Black 0-0: Ball
1-0: Foul Ball, location: 2F
1-1: Ball
2-1: Swinging Strike
2-2: Strikes out swinging
Pitching: LHP Jim Longley
Batting: RHB Moses Brokken 0-0: Called Strike
0-1: Called Strike
0-2: Strikes out swinging
Top of the 9th over - 0 runs, 0 hits, 0 errors, 0 left on base; Oakland (APP) 11 - Cleveland (APP) 2
BOTTOM OF THE 9TH
Cleveland (APP) Indians batting - Pitching for Oakland (APP) Athletics : LHP Hector Perdomo
Batting: RHB Gary Ming 0-0: Called Strike
0-1: SINGLE (Groundball, 4D, EV 96.2 MPH)
Batting: LHB Jeff Palmowski 0-0: Ball
1-0: Ball
2-0: 2-RUN HOME RUN (Line Drive, 8LXD, EV 115.6 MPH), Distance : 446 ft
Pinch Hitting: RHB Joe Shade 0-0: Ball
1-0: Called Strike
1-1: Swinging Strike
1-2: Foul Ball, location: 2F
1-2: Strikes out looking
Batting: RHB John Bianconi 0-0: Foul Ball, location: 2F
0-1: DOUBLE (Groundball, 5L, EV 106.2 MPH)
Batting: RHB Steve Gusman 0-0: Ball
1-0: Called Strike
1-1: Called Strike
1-2: Strikes out looking
Batting: SHB Javon Mitchell 0-0: Foul Ball, location: 2F
0-1: Ball
1-1: Called Strike
1-2: Strikes out swinging
Bottom of the 9th over - 2 runs, 3 hits, 0 errors, 1 left on base; Oakland (APP) 11 - Cleveland (APP) 4
Tuesday, September 13th , 2022 - OOTP Baseball 23.7 Build 88